 Dungeon Crawl Stone Soup version 0.26-a0-651-gb41185065b (webtiles) character file.

Game seed: 12574503619196162016

164 Ozzies the Skirmisher (level 5, -4/37 HPs)
             Began as a Gargoyle Fighter on Oct 3, 2020.
             Slain by a crocodile (10 damage)
             ... in a sewer.
             The game lasted 00:03:20 (2252 turns).

Ozzies the Skirmisher (Gargoyle Fighter)            Turns: 2252, Time: 00:03:21

Health: -4/37      AC: 12    Str: 21    XL:     5   Next: 45%
Magic:  5/5        EV:  7    Int:  8    God:
Gold:   139        SH:  9    Dex:  9    Spells: 4/4 levels left

rFire    . . .     SeeInvis .   a - +0 flail
rCold    . . .     Faith    .   c - +0 kite shield
rNeg     + . .     Spirit   .   b - +0 scale mail
rPois    ∞         Reflect  .   (no helmet)
rElec    +         Harm     .   k - +0 cloak
rCorr    .         Rampage  .   (no gloves)
MR       +....                  (no boots)
Stlth    ..........             (no amulet)
HPRegen  0.12/turn              l - ring of protection from magic
MPRegen  0.09/turn              (no ring)

@: no status effects
A: negative energy resistance 1, electricity resistance, unbreathing,
petrification resistance, rot immunity, AC +4
a: no special abilities


You were in a sewer.
You visited 1 branch of the dungeon, and saw 3 of its levels.
You also visited: Sewer.

You collected 139 gold pieces.

Inventory:

Hand Weapons
 a - a +0 flail (weapon)
Missiles
 n - 61 poisoned darts (quivered)
Armour
 b - a +0 scale mail (worn)
 c - a +0 kite shield (worn)
 k - a +0 cloak (worn)
Jewellery
 l - a ring of protection from magic (left hand)
Scrolls
 f - 2 scrolls of teleportation {unknown}
 g - 2 scrolls of fog {unknown}
 h - 2 scrolls of enchant weapon {unknown}
 j - 3 scrolls of remove curse {unknown}
 o - a scroll of identify {unknown}
 p - a scroll of blinking {unknown}
 s - 3 scrolls of amnesia {unknown}
Potions
 d - a potion of might
 e - 2 potions of cancellation {unknown}
 i - a potion of stabbing {unknown}
 m - a potion of mutation {unknown}
 q - 2 potions of curing {unknown}
 r - a potion of invisibility {unknown}


   Skills:
 + Level 6.5 Fighting
 - Level 2.0 Maces & Flails
 - Level 3.2 Armour
 - Level 3.2 Shields


You had 4 spell levels left.
You didn't know any spells.
Your spell library was empty.

Dungeon Overview and Level Annotations

Branches:
Dungeon (3/15)              Sewer (1/1)

Altars:


Innate Abilities, Weirdness & Mutations

You are resistant to torment.
Your stone body is resilient. (AC +4)
You are immune to poison.
You resist negative energy. (rN+)
You are resistant to electric shocks. (rElec)
You can survive without breathing.
You are immune to petrification.
You are immune to rotting.


Message History

You are too injured to fight recklessly!
You are too injured to fight recklessly!
You are too injured to fight recklessly!
You are too injured to fight recklessly!
You are too injured to fight recklessly!
You are too injured to fight recklessly!
You are too injured to fight recklessly!
You are too injured to fight recklessly!
You are too injured to fight recklessly!
You are too injured to fight recklessly!
You are too injured to fight recklessly!
You hit the crocodile but do no damage. The crocodile barely misses you.
You thump the crocodile!
The crocodile is moderately wounded.
The crocodile bites you!
* * * LOW HITPOINT WARNING * * *
You closely miss the crocodile.
The crocodile is moderately wounded.
The crocodile bites you!
You die...

####### #.#
##.....## #.#
#...≈...## #.#
...≈≈≈...#######.#
∩.≈≈≈≈≈..........#
...≈≈≈...#######.#
#...≈...## #.#
##.....## #.#
####### #@#
#..t..# #.......#
#.......#
#.......#
#.......#
#..$?$..#
##$}[$$##


You could see a crocodile.

Vanquished Creatures
  3 river rats (D:3)
  6 adders
  3 oozes (D:2)
  A worm (D:2)
  2 dart slugs (D:1)
  A leopard gecko (D:1)
  A ball python (D:1)
  5 giant cockroaches
  5 goblins
  9 hobgoblins
  2 jackals (D:2)
  A quokka (D:3)
  9 bats
  4 frilled lizards
  6 kobolds
  7 rats
65 creatures vanquished.

Notes
Turn   | Place    | Note
-------+----------+-------------------------------------------
     0 | D:1      | Ozzies the Gargoyle Fighter began the quest for the Orb.
     0 | D:1      | Reached XP level 1. HP: 14/14 MP: 1/1
   212 | D:1      | Reached XP level 2. HP: 20/20 MP: 2/2
   275 | D:1      | Reached skill level 4 in Fighting
   668 | D:2      | Reached XP level 3. HP: 24/24 MP: 3/3
   728 | D:2      | Reached skill level 5 in Fighting
   908 | D:2      | Reached XP level 4. HP: 23/31 MP: 4/4
  1833 | D:3      | Reached skill level 6 in Fighting
  1881 | D:3      | Reached XP level 5. HP: 32/36 MP: 5/5
  2191 | D:3      | Found a glowing drain.
  2195 | Sewer    | Entered a sewer
  2245 | Sewer    | Noticed a crocodile
  2252 | Sewer    | Slain by a crocodile

Illustrated notes

Levels and vault maps discovered:
D:1:      dpeg_arrival_lava_temple_mockup, layout_rooms
D:2:      layout_loops_ring, minmay_ruptured
D:3:      layout_loops_corners, gup_sewer_entry_bowl
Sewer:    sewer_big_baddie

Skill      XL: |  1  2  3  4 |
---------------+-------------+-----
Fighting       | 4 5 6 |  6.5
Maces & Flails | |  2.0
Armour         | |  3.2
Shields        | |  3.2

Action                   |  1- 3 |  4- 6 || total
-------------------------+-------+-------++-------
Melee: Flail             |   133 |   164 ||   297
Armor: Scale mail        |    99 |    99 ||   198
Dodge: Dodged            |    51 |    52 ||   103
Block: Kite shield       |    70 |    92 ||   162

Table legend: (Time is in decaauts)
 A = Elapsed time spent in this place.
 B = Non-inter-level travel time spent in this place.
 C = Inter-level travel time spent in this place.
 D = Time resting spent in this place.
 E = Time spent auto-exploring this place.
 F = Levels seen in this place.
 G = Mean time per level.
                   A        B        C        D        E       F      G
               +--------+--------+--------+--------+--------+-----+--------+
         Total |   2368 |   2262 |    106 |     26 |   1360 |   4 |  592.0 |
       Dungeon |   2306 |   2200 |    106 |     26 |   1325 |   3 |  768.7 |
         Sewer |     62 |     62 |      0 |      0 |     35 |   1 |   62.0 |
               +--------+--------+--------+--------+--------+-----+--------+

Top non-repeatable levels by time:
     D:2: 1040 daAuts
     D:1: 685 daAuts
     D:3: 579 daAuts
   Sewer: 62 daAuts
